 Dungeon Crawl Stone Soup version 0.29-a0-1009-g60c99734e7 (webtiles) character file.

Game seed: 8779012092936255878

702 Pooter the Caller (level 7, 0/50 HPs)
             Began as a Hill Orc Summoner on Aug 9, 2022.
             Was an Initiate of Beogh.
             Engulfed by a steam dragon's steam (8 damage)
             ... on level 5 of the Dungeon.
             The game lasted 00:48:15 (5428 turns).

Pooter the Caller (Hill Orc Summoner)               Turns: 5428, Time: 00:48:16

Health: 0/50       AC:  6    Str: 11      XL:     7   Next: 66%
Magic:  8/13       EV: 12    Int: 16 (17) God:    Beogh [......]
Gold:   303        SH:  5    Dex: 11      Spells: 0/14 levels left

rFire   . . .      SeeInvis +   b - +0 sling
rCold   . . .      Faith    .   q - orb {*channel}
rNeg    . . .      Spirit   .   t - +1 robe "Garyrik" {rElec rPois SInv}
rPois   +          Reflect  +   w - +0 helmet
rElec   +          Harm     .   (no cloak)
rCorr   .          Rampage  .   g - +0 pair of gloves
Will    +....                   E - +0 pair of boots
Stlth   ++........              l - amulet of reflection
HPRegen 0.16/turn               S - ring of see invisible
MPRegen 0.13/turn               r - ring of willpower

@: no status effects
A: no striking features
a: Renounce Religion


You were on level 5 of the Dungeon.
You worshipped Beogh.
Beogh was noncommittal.
You visited 1 branch of the dungeon, and saw 5 of its levels.

You collected 303 gold pieces.

Inventory:

Hand Weapons
 a - the +6 mace of Symmetry {vorpal, rC+ Will+ rCorr}
   (You took it off a goblin on level 2 of the Dungeon)

   It inflicts extra damage upon your enemies.
   rC:        It protects you from cold.
   rCorr:     It protects you from acid and corrosion.
   Will:      It increases your willpower.
 b - a +0 sling (weapon)
   (You took it off a kobold on level 2 of the Dungeon)
 c - a +0 mace
   (You found it on level 1 of the Dungeon)
 k - a +0 club
   (You took it off a goblin on level 1 of the Dungeon)
 y - a +2 quarterstaff of draining
   (You found it on level 4 of the Dungeon)
 F - the +6 falchion of Scorn {vorpal, rC+++ rN+++ Str-2 Stlth-}
   (You found it on level 5 of the Dungeon)

   It inflicts extra damage upon your enemies.
   Str:       It affects your strength (-2).
   rC:        It renders you almost immune to cold.
   rN:        It renders you almost immune to negative energy.
   Stlth:     It makes you less stealthy.
Missiles
 C - 2 poisoned darts
 Q - 46 stones
Armour
 g - a +0 pair of gloves (worn)
   (You found it on level 1 of the Dungeon)
 q - an orb of energy (worn)
   (You found it on level 2 of the Dungeon)
 s - a +2 leather armour of positive energy
   (You found it on level 3 of the Dungeon)
 t - the +1 robe "Garyrik" (worn) {rElec rPois SInv}
   (You found it on level 3 of the Dungeon)

   rElec:     It insulates you from electricity.
   rPois:     It protects you from poison.
   SInv:      It lets you see invisible.
 w - a +0 helmet (worn)
   (You found it on level 3 of the Dungeon)
 E - a +0 pair of boots (worn)
   (You found it on level 4 of the Dungeon)
Jewellery
 l - an amulet of reflection (around neck)
   (You took it off a goblin on level 2 of the Dungeon)
 r - a ring of willpower (right hand)
   (You found it on level 3 of the Dungeon)
 S - a ring of see invisible (left hand)
   (You found it on level 1 of the Dungeon)
Scrolls
 f - 3 scrolls of vulnerability {unknown}
 h - a scroll of enchant armour
 i - a scroll of enchant weapon {unknown}
 j - a scroll of magic mapping
 m - a scroll of teleportation {unknown}
 o - a scroll of summoning {unknown}
 D - a scroll of silence {unknown}
Potions
 e - 2 potions of berserk rage
 n - a potion of magic
 p - a potion of attraction {unknown}
 u - 2 potions of heal wounds {@q2}
 v - 2 potions of curing {@q1}
 x - a potion of resistance {unknown}
 z - a potion of degeneration {unknown}
 A - a potion of haste {unknown}
 B - 3 potions of lignification {unknown}
 G - a potion of cancellation {unknown}


   Skills:
 + Level 2.3 Armour
 - Level 1.5 Dodging
 - Level 1.5 Stealth
 + Level 4.0 Spellcasting
 + Level 2.9 Hexes
 + Level 5.3 Summonings
 * Level 0.0 Air Magic
 + Level 2.3 Earth Magic
 + Level 0.0 Invocations
 + Level 2.1 Evocations


You couldn't memorise any spells.
You knew the following spells:

 Your Spells              Type           Power      Damage    Failure   Level
a - Summon Small Mammal   Summ           80%        N/A       1%          1
b - Call Imp              Summ           20%        N/A       3%          2
c - Call Canine Familiar  Summ           20%        N/A       6%          3
d - Sandblast             Erth           20%        2d7       6%          1
e - Summon Guardian Gole  Hex/Summ       16%        N/A       10%         3
z - Summon Lightning Spi  Summ/Air       11%        N/A       50%         4

Your spell library contained the following spells:

 Spells                   Type           Power      Damage    Failure   Level
 Passwall                 Tmut/Erth      5%         N/A       16%         2
 Stone Arrow              Conj/Erth      12%        3d7       30%         3


Dungeon Overview and Level Annotations

Branches:
Dungeon (5/15)
 Temple: D:4-7

Altars:
Fedhas
Wu Jian


Message History

Nothing appears to happen.
A guardian golem appears, shielding your allies.
A steam dragon comes into view.
The steam dragon breathes steam at your guardian golem.
The ball of steam hits your guardian golem but does no damage.
The adder bites you but does no damage.
As you read the scroll of fear, it crumbles to dust.
You assume a fearsome visage.
The scorpion looks frightened!
The steam dragon looks frightened!
The adder looks frightened!
Your magical contamination has completely faded away.
You start resting.
Your guardian golem disappears in a puff of smoke!
A steam dragon is nearby!
A guardian golem appears, shielding your allies.
What are your orders? t - Shout!
Orders for allies: a - Attack new target. r - Retreat! s - Stop attacking. g - Guard the area. f - Follow me.
Anything else - Cancel.
Gang up on whom?
Aim: a steam dragon Attack!
The steam dragon breathes steam at you.
The ball of steam hits your guardian golem.
Your guardian golem resists.
The ball of steam hits you!
You are engulfed in a cloud of scalding steam.
You are engulfed in a cloud of scalding steam.
Something bites your guardian golem.
Something claws your guardian golem but does no damage.
The steam dragon breathes steam at you.
The ball of steam hits your guardian golem.
Your guardian golem resists.
The ball of steam hits you!
* * * LOW HITPOINT WARNING * * *
Unknown command.
You are engulfed in a cloud of scalding steam.
* * * LOW HITPOINT WARNING * * *
Really walk into that cloud of steam?
Okay, then.
The steam dragon breathes steam at you.
The ball of steam hits your guardian golem!
Your guardian golem resists.
The ball of steam hits you!
* * * LOW HITPOINT WARNING * * *
You are engulfed in a cloud of scalding steam.
* * * LOW HITPOINT WARNING * * *
You are engulfed in a cloud of scalding steam.
You die...

#.#.###.##..<#.#
#>#
#.##.#.###...#.#
#.#### #.###.##
#...#.# #....#
#.# ### #.....#
###### #.#
###.#.# #.#
##.#§# #.#
#...§# ##.#.#
#.#@# #.#§#
#.#9# #.#D#
#.#§# #.#.#
#.#.# #.#.#
#D#.# .


You could see a friendly guardian golem (summoned).

Vanquished Creatures
  A black bear (D:3)
  A necrophage (D:4)
  2 scorpions
  A hound (D:5)
  An orc wizard (D:5)
  A shadow imp (D:5)
  2 dart slugs
  4 orcs
  6 bats
  4 endoplasms
  5 goblins
  7 hobgoblins
  3 jackals
  4 kobolds
  2 quokkas
  8 ball pythons
  A frilled lizard (D:1)
  5 rats
58 creatures vanquished.

Vanquished Creatures (collateral kills)
  A hound (D:4)
  2 iguanas
  Natasha (D:3)
  An adder (D:3)
  A dart slug (D:2)
  4 ball pythons
  3 endoplasms
  5 giant cockroaches
  3 goblins
  5 hobgoblins
  9 jackals (D:1)
  3 quokkas
  4 bats (D:1)
  2 frilled lizards (D:1)
  5 kobolds
  5 rats (D:1)
54 creatures vanquished.

Vanquished Creatures (others)
  Blork the orc (D:4)
  2 orc wizards
  Natasha (twice) (D:3)
  A hobgoblin (D:3)
  4 plants (D:4)
10 creatures vanquished.

Grand Total: 122 creatures vanquished

Notes
Turn   | Place    | Note
-------+----------+-------------------------------------------
     0 | D:1      | Pooter the Hill Orc Summoner began the quest for the Orb.
     0 | D:1      | Reached XP level 1. HP: 14/14 MP: 3/3
   169 | D:1      | Reached XP level 2. HP: 12/20 MP: 2/4
   398 | D:1      | Learned a level 2 spell: Call Imp
   699 | D:1      | Reached XP level 3. HP: 26/26 MP: 0/6
   843 | D:1      | Learned a level 3 spell: Call Canine Familiar
  1563 | D:1      | Learned a level 1 spell: Sandblast
  1912 | D:2      | Reached XP level 4. HP: 29/33 MP: 8/8
  2108 | D:2      | Identified the +6 mace of Symmetry {vorpal, rC+ Will+
                  | rCorr}
  2553 | D:2      | Found a faded altar of an unknown god.
  2632 | D:3      | Noticed a scorpion
  2651 | D:3      | Found a blossoming altar of Fedhas.
  2657 | D:3      | Noticed a black bear
  2842 | D:3      | Killed a scorpion
  2843 | D:3      | Reached skill level 1 in Earth Magic
  2843 | D:3      | Reached XP level 5. HP: 38/38 MP: 9/9
  2884 | D:3      | Learned a level 3 spell: Summon Guardian Golem
  3013 | D:3      | Killed a black bear
  3014 | D:3      | Reached skill level 1 in Armour
  3014 | D:3      | Reached skill level 1 in Hexes
  3014 | D:3      | Reached skill level 1 in Evocations
  3014 | D:3      | Reached XP level 6. HP: 45/45 MP: 9/11
  3085 | D:3      | Identified the +1 robe "Garyrik" {rElec rPois SInv}
  3116 | D:3      | Noticed Natasha
  3130 | D:3      | Killed Natasha
  3277 | D:3      | Noticed Natasha
  3288 | D:3      | Killed Natasha
  3411 | D:3      | Noticed Natasha
  3429 | D:3      | Killed Natasha
  3472 | D:3      | Reached skill level 5 in Summonings
  4464 | D:4      | Reached XP level 7. HP: 50/50 MP: 7/12
  4635 | D:4      | Noticed Blork the orc
  4647 | D:4      | Killed Blork the orc
  4747 | D:4      | Became a worshipper of Beogh the Brigand
  4876 | D:4      | Found an ornate altar of the Wu Jian Council.
  5004 | D:5      | Entered Level 5 of the Dungeon
  5016 | D:5      | Identified the +6 falchion of Scorn {vorpal, rC+++ rN+++
                  | Str-2 Stlth-}
  5324 | D:5      | Learned a level 4 spell: Summon Lightning Spire
  5395 | D:5      | Noticed a steam dragon
  5428 | D:5      | Engulfed by a steam dragon's steam

Illustrated notes

Levels and vault maps discovered:
D:1:      dpeg_arrival_subterranean_lakeside_camping, layout_basic
D:2:      layout_rooms, shapermc_ecumenical_altar_totnotflames, st_stairs_5
D:3:      layout_basic, amcnicky_altar_gilded, chequers_serial_rivers_small_a,
          minmay_between, uniq_natasha
D:4:      layout_loops_cross, pdpol_wu_jian_five_deadly_venoms,
          grunt_decor_one_mirror, nicolae_zen_rock_garden, uniq_blork_the_orc
D:5:      minmay_chambers_of_threes, layout_loops_ring, serial_park_tiny_2,
          nicolae_figureground_sparkle

Skill      XL: |  1  2  3  4  5  6  7 |
---------------+----------------------+-----
Spellcasting   | 2 3 4 |  4.0
Earth Magic    | 1 2 |  2.3
Armour         | 1 2 |  2.3
Hexes          | 1 2 |  2.9
Evocations     | 1 2 |  2.1
Summonings     | 5 |  5.3
Dodging        | |  1.5
Stealth        | |  1.5

Action                   |  1- 3 |  4- 6 |  7- 9 || total
-------------------------+-------+-------+-------++-------
Melee: Club              |    27 |       |       ||    27
       Unarmed           |     1 |       |       ||     1
       Mace              |     2 |    40 |    30 ||    72
       Quarterstaff      |       |     9 |       ||     9
 Fire: Sling             |       |    47 |    14 ||    61
 Cast: Summon Small Mamm |    19 |       |       ||    19
       Call Imp          |    21 |     5 |     1 ||    27
       Call Canine Famil |     2 |     9 |     2 ||    13
       Sandblast         |     2 |     3 |     2 ||     7
       Summon Guardian G |       |     3 |     6 ||     9
Invok: Convert to Beogh  |       |       |     1 ||     1
  Use: Scroll            |     2 |     3 |     1 ||     6
       Potion            |       |     2 |       ||     2
 Stab: Distracted        |     1 |       |       ||     1
       Sleeping          |       |     3 |       ||     3
Armor: Robe              |     7 |    14 |    14 ||    35
Dodge: Dodged            |    29 |    43 |    17 ||    89
Block: Other             |       |     3 |       ||     3
       Orb               |       |    11 |    10 ||    21
       Reflection        |       |     1 |     1 ||     2

Table legend: (Time is in decaauts)
 A = Elapsed time spent in this place.
 B = Non-inter-level travel time spent in this place.
 C = Inter-level travel time spent in this place.
 D = Time resting spent in this place.
 E = Time spent auto-exploring this place.
 F = Levels seen in this place.
 G = Mean time per level.
                   A        B        C        D        E       F      G
               +--------+--------+--------+--------+--------+-----+--------+
         Total |   5498 |   5371 |    127 |   1090 |   3038 |   5 | 1099.6 |
       Dungeon |   5498 |   5371 |    127 |   1090 |   3038 |   5 | 1099.6 |
               +--------+--------+--------+--------+--------+-----+--------+

Top non-repeatable levels by time:
     D:1: 1820 daAuts
     D:3: 1132 daAuts
     D:4: 1097 daAuts
     D:2: 1013 daAuts
     D:5: 434 daAuts
